 Dungeon Crawl Stone Soup version 0.30.1-3-gfc49f6343a (webtiles) character file.

Game seed: 13548386676374847496

30 Babbit the Digger (level 3, -7/28 HPs)
             Began as a Gargoyle Earth Elementalist on July 20, 2023.
             Mangled by Sigmund
             ... wielding a +1 scythe of protection
              (10 damage)
             ... on level 2 of the Dungeon.
             The game lasted 00:13:37 (1127 turns).

Babbit the Digger (Gargoyle Earth Elementalist)     Turns: 1127, Time: 00:13:39

Health: -7/28      AC: 21    Str: 11    XL:     3   Next: 20%
Magic:  2/6        EV:  2    Int: 17    God:
Gold:   68         SH:  0    Dex: 10    Spells: 6/7 levels left

rFire   . . .        e - +2 dagger (protect)
rCold   . . .        (no shield)
rNeg    + . .        a - melded +0 robe
rPois   ∞            (helmet currently unavailable)
rElec   .            (cloak currently unavailable)
rCorr   .            (gloves currently unavailable)
SInv    .            (boots currently unavailable)
Will    .....        (no amulet)
Stlth   ++           (no ring)
HPRegen 0.24/turn    (no ring)
MPRegen 0.10/turn

%: no passive effects
@: tree-form
A: stationary, stasis, torment immunity, boosted hp, sickness immunity, AC +3,
negative energy resistance 1, (electricity resistance), torment resistance 1,
petrification resistance
a: no special abilities


You were on level 2 of the Dungeon.
You were a tree.
You visited 1 branch of the dungeon, and saw 2 of its levels.

You collected 68 gold pieces.

Inventory:

Hand Weapons
 e - a +2 dagger of protection (weapon)
Missiles
 g - 6 silver javelins
Armour
 a - a +0 robe (melded)
Scrolls
 d - 2 scrolls of identify
Potions
 b - a potion of magic


   Skills:
 + Level 0.1 Short Blades
 + Level 1.8 Dodging
 + Level 2.3 Stealth
 + Level 2.5 Spellcasting
 + Level 0.7 Transmutations
 + Level 4.3 Earth Magic


You had 6 spell levels left.
You knew the following spells:

 Your Spells              Type           Power      Damage    Failure   Level
a - Sandblast             Erth           32%        2d9       3%          1

Your spell library contained the following spells:

 Spells                   Type           Power      Damage    Failure   Level
 Passwall                 Tmut/Erth      8%         N/A       10%         2
 Stone Arrow              Conj/Erth      18%        3d8       22%         3
 Petrify                  Tmut/Erth      10%        N/A       54%         4


Dungeon Overview and Level Annotations

Branches:
Dungeon (2/15)

Altars:

Annotations:
D:2 Sigmund


Innate Abilities, Weirdness & Mutations

You are a tree.
Your roots penetrate the ground, keeping you stationary.
You cannot be teleported.
You are immune to unholy pain and torment.
Your maximum health is greatly increased.
Your equipment is partially melded.
You are immune to sickness and miasma.
((Your stone body is resilient. (AC +3)))
You are immune to poison.
You resist negative energy. (rN+)
((You are resistant to electric shocks. (rElec)))
You are resistant to unholy torment.
You are immune to petrification.


Message History

You turn into a tree.
Your +0 robe melds into your body.
Your roots penetrate the ground.
Sigmund hits you but does no damage.
Sigmund hits you from afar with a +1 scythe of protection.
* * * LOW HITPOINT WARNING * * *
Sigmund screams, "Don't try to resist!"
Sigmund hits you but does no damage. Sigmund hits you but does no damage.
Sigmund hits you from afar with a +1 scythe of protection.
* * * LOW HITPOINT WARNING * * *
Casting: Sandblast (safe; 3% risk of failure)
Confirm with . or Enter, or press ? or * to list all spells.
Aiming: Sandblast (safe; 3% risk of failure)
Press: ? - help, Shift-Dir - straight line, f - Sigmund
Aim: Sigmund, wielding a +1 scythe of protection and wearing a +0 robe (80% to hit)
The blast of sand hits Sigmund but does no damage.
Sigmund completely misses you.
Casting: Sandblast (safe; 3% risk of failure)
Confirm with . or Enter, or press ? or * to list all spells.
Aiming: Sandblast (safe; 3% risk of failure)
Press: ? - help, Shift-Dir - straight line, f/p - Sigmund
Aim: Sigmund, wielding a +1 scythe of protection and wearing a +0 robe (80% to hit)
The blast of sand hits Sigmund but does no damage.
Sigmund hits you from afar with a +1 scythe of protection.
* * * LOW HITPOINT WARNING * * *
Casting: Sandblast (safe; 3% risk of failure)
Confirm with . or Enter, or press ? or * to list all spells.
Aiming: Sandblast (safe; 3% risk of failure)
Press: ? - help, Shift-Dir - straight line, f/p - Sigmund
Aim: Sigmund, wielding a +1 scythe of protection and wearing a +0 robe (80% to hit)
The blast of sand hits Sigmund but does no damage.
Sigmund hits you but does no damage.
Casting: Sandblast (safe; 3% risk of failure)
Confirm with . or Enter, or press ? or * to list all spells.
Aiming: Sandblast (safe; 3% risk of failure)
Press: ? - help, Shift-Dir - straight line, f/p - Sigmund
Aim: Sigmund, wielding a +1 scythe of protection and wearing a +0 robe (80% to hit)
The blast of sand misses Sigmund.
Sigmund hits you from afar with a +1 scythe of protection!
You die...

## .....?... .#
..@.....###.####
..>.....#..<...#
........#......+
........#......#
.....$..#......#
........#♣.....#
<......@.<.....#
........#......#
#######.###.####
... .# #..# ##
#..# ...# .###


You could see Sigmund.

Vanquished Creatures
  A dart slug (D:1)
  A ball python (D:1)
  An endoplasm (D:1)
  2 giant cockroaches (D:1)
  3 goblins (D:1)
  A hobgoblin (D:1)
  2 jackals (D:1)
  4 quokkas (D:1)
  4 bats (D:1)
  2 frilled lizards (D:1)
  A kobold (D:1)
  5 rats
27 creatures vanquished.

Notes
Turn   | Place    | Note
-------+----------+-------------------------------------------
     0 | D:1      | Babbit the Gargoyle Earth Elementalist began the quest for
                  | the Orb.
     0 | D:1      | Reached XP level 1. HP: 10/10 MP: 3/3
   302 | D:1      | Reached XP level 2. HP: 15/15 MP: 1/5
   519 | D:1      | Reached skill level 4 in Earth Magic
   702 | D:1      | Reached XP level 3. HP: 19/19 MP: 2/6
  1072 | D:2      | Noticed Sigmund
  1127 | D:2      | Mangled by Sigmund

Illustrated notes

Levels and vault maps discovered:
D:1:      spicycebolla_green_bress_n_ham, layout_basic
D:2:      layout_basic, nicolae_elevator_lobby_asterisk, uniq_terence,
          uniq_sigmund, uniq_robin, uniq_natasha

Skill      XL: |  1  2 |
---------------+-------+-----
Earth Magic    | 4 |  4.3
Short Blades   | |  0.1
Dodging        | |  1.8
Stealth        | |  2.3
Spellcasting   | |  2.5
Transmutations | |  0.7

Action                     || total
---------------------------++-------
  Melee: Dagger            ||    28
         Punch             ||     1
   Cast: Sandblast         ||    32
    Use: Scroll            ||     2
         Potion            ||     1
 Armour: Robe              ||    18
         Skin              ||     4
  Dodge: Dodged            ||    40
